 Dungeon Crawl Stone Soup version 0.32-a0-43-g058985b245 (webtiles) character file.

Game seed: 4641464080033316287

12671 jlumianski the Grappler (level 11, -1/84 HPs)
             Began as a Gnoll Shapeshifter on Feb 4, 2024.
             Was a Priest of Wu Jian.
             Slain by a komodo dragon (13 damage)
             ... on level 1 of the Lair of Beasts.
             The game lasted 01:16:04 (15585 turns).

jlumianski the Grappler (Gnoll Shapeshifter)       Turns: 15585, Time: 01:16:04

Health: -1/84      AC: 13    Str: 15    XL:     11   Next: 97%
Magic:  39/39      EV:  6    Int: 13    God:    Wu Jian [***...]
Gold:   945        SH:  0    Dex: 11    Spells: 8/24 levels left

rFire   . . .        s - +2 quarterstaff (spect)
rCold   . . .        (shield currently unavailable)
rNeg    . . .        I - +0 plate armour
rPois   .            n - melded +2 helmet
rElec   .            D - melded +2 cloak
rCorr   .            (gloves currently unavailable)
SInv    .            (boots currently unavailable)
Will    .....        j - amulet of the acrobat Stlth
                     C - ring of magical power
HPRegen 0.34/turn    q - ring of magical power
MPRegen 0.26/turn

%: acrobat
@: beast-form
A: beast (slay +4), fangs 1, strong nose, distributed training
a: Begin Untransformation, Renounce Religion, Wall Jump, Serpent's Lash


You were on level 1 of the Lair of Beasts.
You worshipped Wu Jian.
Wu Jian was most pleased with you.
You were a hulking beast.
You visited 4 branches of the dungeon, and saw 16 of its levels.
You also visited: Ossuary.

You collected 1245 gold pieces.
You spent 300 gold pieces at shops.

Inventory:

Hand Weapons
 o - a +4 orcbow of flaming
 s - a +2 spectral quarterstaff (weapon)
Missiles
 e - 22 poisoned darts (quivered)
 m - a curare-tipped dart
 B - 2 throwing nets
Armour
 i - a +0 ring mail
 n - a +2 helmet (melded)
 D - a +2 cloak (melded)
 I - a +0 plate armour (worn)
Magical Staves
 y - a staff of conjuration
Jewellery
 j - an amulet of the acrobat (around neck)
 q - a ring of magical power (right hand)
 A - a ring of poison resistance
 C - a ring of magical power (left hand)
Talismans
 c - a beast talisman (active)
 d - a flux talisman
Wands
 a - a wand of flame (10)
 E - a wand of mindburst (9)
 H - a wand of light (10)
Scrolls
 h - 4 scrolls of revelation
 k - a scroll of silence
 l - 3 scrolls of teleportation
 u - a scroll of brand weapon
 v - 2 scrolls of blinking
 w - 3 scrolls of poison
 G - 2 scrolls of fog
 K - 2 scrolls of fear
Potions
 b - a potion of lignification
 f - 2 potions of might
 g - 2 potions of invisibility
 p - 3 potions of curing
 t - 2 potions of degeneration
 x - a potion of mutation
 z - 2 potions of magic
 F - a potion of cancellation
 M - a potion of resistance
Miscellaneous
 r - a phantom mirror


   Skills:
 + Level 7.5 Fighting
 + Level 7.0 Short Blades
 + Level 7.0 Long Blades
 + Level 7.0 Axes
 + Level 7.0 Maces & Flails
 + Level 7.0 Polearms
 + Level 7.0 Staves
 + Level 7.0 Ranged Weapons
 + Level 7.0 Throwing
 + Level 7.0 Armour
 + Level 8.5 Dodging
 + Level 7.0 Stealth
 + Level 7.0 Shields
 + Level 9.7 Unarmed Combat
 + Level 7.0 Spellcasting
 + Level 5.8 Conjurations
 + Level 5.8 Hexes
 + Level 5.8 Summonings
 + Level 5.8 Necromancy
 + Level 5.8 Translocations
 + Level 5.8 Fire Magic
 + Level 5.8 Ice Magic
 + Level 5.8 Air Magic
 + Level 5.8 Earth Magic
 + Level 5.8 Alchemy
 + Level 7.7 Invocations
 + Level 7.0 Evocations
 + Level 9.2 Shapeshifting


You had 8 spell levels left.
You knew the following spells:

 Your Spells              Type           Power      Damage    Failure   Level
a - Ensorcelled Hibernat  Hex/Ice        38%        N/A       71%         2
b - Lesser Beckoning      Tloc           38%        N/A       71%         2
c - Mephitic Cloud        Conj/Alch/Air  19%        N/A       91%         3
d - Summon Ice Beast      Ice/Summ       19%        N/A       91%         3
e - Dazzling Flash        Conj/Hex       38%        N/A       91%         3
f - Volatile Blastmotes   Fire/Tloc      38%        2d13      91%         3

Your spell library contained the following spells:

 Spells                   Type           Power      Damage    Failure   Level
 Momentum Strike          Conj/Tloc      38%        3d9       71%         2
 Sublimation of Blood     Necr           19%        N/A       71%         2
 Frozen Ramparts          Ice            38%        1d6       91%         3
 Fugue of the Fallen      Necr           19%        N/A       91%         3
 Gell's Gravitas          Tloc           19%        N/A       91%         3
 Hailstorm                Conj/Ice       19%        3d7       91%         3
 Teleport Other           Tloc           19%        N/A       91%         3
 Anguish                  Hex/Necr       9%         N/A       100%        4
 Fulminant Prism          Conj/Alch      9%         3d7       100%        4
 Iskenderun's Mystic Bla  Conj/Tloc      19%        2d6       100%        4
 Leda's Liquefaction      Alch/Erth      9%         N/A       100%        4
 Manifold Assault         Tloc           19%        N/A       100%        4
 Olgreb's Toxic Radiance  Alch           19%        N/A       100%        4
 Petrify                  Alch/Erth      19%        N/A       100%        4
 Curse of Agony           Necr           19%        N/A       100%        5
 Irradiate                Conj/Alch      9%         3d14      100%        5
 Metabolic Englaciation   Hex/Ice        9%         N/A       100%        5
 Silence                  Hex/Air        9%         N/A       100%        5
 Dispersal                Tloc           9%         N/A       100%        6
 Sculpt Simulacrum        Ice/Alch       9%         N/A       100%        6
 Disjunction              Tloc           9%         N/A       100%        8


Dungeon Overview and Level Annotations

Branches:
Dungeon (11/15)            Temple (1/1) D:4            Lair (2/5) D:9
    Orc (2/2) D:9         Ossuary (visited)
  Swamp: Lair:2-3    Shoals: Lair:2-3     Snake: Lair:2-3    Spider: Lair:2-3
    Elf: Orc:2

Altars:
Ashenzari
Cheibriados
Elyvilon
Fedhas
Gozag
Hepliaklqana
Kikubaaqudgha
Makhleb
Nemelex Xobeh
Okawaru
Qazlal
Ru
Sif Muna
Trog
Uskayaw
Wu Jian
Xom
Yredelemnul
The Shining One

Shops:
Orc:1 ?   Orc:2 *?

Annotations:
D:10 Fannar


Innate Abilities, Weirdness & Mutations

You are a hulking beast.
Your limbs bulge with bestial killing power. (Slay +4)
You have very sharp teeth.
Your uncanny sense of smell can sniff out nearby items.
Your experience applies equally to all skills.


Message History

You bite the komodo dragon.
The komodo dragon is moderately wounded.
Your +2 spectral quarterstaff hits the komodo dragon but does no damage.
The komodo dragon bites you.
There is a stone staircase leading up here.
Your +2 spectral quarterstaff disappears.
The komodo dragon bites you!!
You climb upwards.
There is a stone staircase leading down here.
You spin and attack the komodo dragon.
You sock the komodo dragon!
The komodo dragon is heavily wounded.
Your +2 spectral quarterstaff barely misses the komodo dragon.
The komodo dragon bites you!!
Your +2 spectral quarterstaff disappears.
Aiming: Wall Jump
Press: ? - help, Dir - move target You repeatedly attack the komodo dragon from above.
You hit the komodo dragon but do no damage.
The komodo dragon is heavily wounded.
You barely miss the komodo dragon.
The komodo dragon is heavily wounded.
Your +2 spectral quarterstaff hits the komodo dragon!
Your +2 spectral quarterstaff completely misses the komodo dragon.
The komodo dragon bites you but does no damage. x2
You hit the komodo dragon but do no damage.
Your bite misses the komodo dragon.
The komodo dragon is severely wounded.
Your +2 spectral quarterstaff closely misses the komodo dragon.
The komodo dragon bites you!!
* * * LOW HITPOINT WARNING * * *
You hit the komodo dragon.
The komodo dragon is almost dead.
Your +2 spectral quarterstaff closely misses the komodo dragon.
The komodo dragon bites you.
* * * LOW HITPOINT WARNING * * *
You closely miss the komodo dragon.
The komodo dragon is almost dead.
Your +2 spectral quarterstaff completely misses the komodo dragon.
The komodo dragon bites you!
You die...

.....#..#........#............P..
....)#..#........#......#.....#..
.....#..#........#......#.....#..
.....#...........#.....)#........
.....#..#........+......#.....#..
##..##..###.####+#........##.#...
................(..............†.
................l................
...............>h................
.................................
.................................
#####............................
......##.#.+##(.#.............
.......#.........'.....P##.###.
....#...#.........#÷..........#.
..................#....#........
...........#...........#.


You could see a komodo dragon and a friendly +2 spectral quarterstaff.

Vanquished Creatures
  2 boulder beetles
  A two-headed ogre (D:9)
  An orc knight (Orc:1)
  An ugly thing (D:8)
  An orc sorcerer (Orc:1)
  Maurice (Orc:1)
  A rime drake (Lair:1)
  A komodo dragon (Lair:1)
  A troll (Orc:1)
  A hornet (D:9)
  2 wyverns (D:8)
  A shadow (D:9)
  A vampire (D:9)
  16 yaks
  2 wraiths
  A warg (D:9)
  Menkaure (Ossuary)
  An acid dragon (D:9)
  4 water moccasins
  2 orc warriors (Orc:1)
  A sky beast (D:8)
  2 ice beasts
  4 ogres (Orc:1)
  A wolf (Lair:1)
  2 centaurs
  A phantom (D:6)
  3 kobold brigands
  4 bullfrogs
  2 gnoll sergeants
  A scorpion (D:7)
  A wight (D:8)
  5 killer bees (D:8)
  2 howler monkeys (D:5)
  2 electric eels (Lair:1)
  6 orc priests
  2 hounds (D:6)
  5 jellies
  A gnoll bouda (D:6)
  3 iguanas
  12 orc wizards
  2 sleepcaps (D:5)
  3 mummies (Ossuary)
  Robin (D:2)
  21 gnolls
  8 adders
  A shadow imp (D:6)
  A white imp (D:5)
  2 ufetubi (D:5)
  2 ribbon worms (D:2)
  A dart slug (D:5)
  34 orcs
  6 bats
  10 endoplasms
  3 giant cockroaches
  13 goblins
  11 hobgoblins
  4 jackals (D:1)
  5 quokkas
  4 ball pythons
  5 frilled lizards
  4 gnoll skeletons (Ossuary)
  3 gnoll zombies (Ossuary)
  3 goblin skeletons (Ossuary)
  3 goblin zombies (Ossuary)
  7 hobgoblin skeletons (Ossuary)
  5 hobgoblin zombies (Ossuary)
  13 kobolds
  3 kobold skeletons (Ossuary)
  A kobold zombie (Ossuary)
  4 orc skeletons (Ossuary)
  10 orc zombies (Ossuary)
  6 rats
  4 rat skeletons (Ossuary)
  3 rat zombies (Ossuary)
308 creatures vanquished.

Vanquished Creatures (collateral kills)
  A tengu warrior (D:8)
  An acid dragon (D:9)
  An orc warrior (D:9)
  A gnoll sergeant (D:8)
  An orc priest (D:9)
  An orc wizard (D:9)
  3 orcs (D:9)
9 creatures vanquished.

Grand Total: 317 creatures vanquished

Notes
Turn   | Place    | Note
-------+----------+-------------------------------------------
     0 | D:1      | jlumianski the Gnoll Shapeshifter began the quest for the
                  | Orb.
     0 | D:1      | Reached XP level 1. HP: 17/17 MP: 1/1
    87 | D:1      | Reached XP level 2. HP: 14/23 MP: 2/2
   521 | D:1      | Reached XP level 3. HP: 28/28 MP: 3/3
   558 | D:1      | You fall into a shaft and drop 1 floor!
   579 | D:1      | Reached skill level 1 in Invocations
   847 | D:1      | Reached skill level 1 in Short Blades
   847 | D:1      | Reached skill level 1 in Long Blades
   847 | D:1      | Reached skill level 1 in Axes
   847 | D:1      | Reached skill level 1 in Maces & Flails
   847 | D:1      | Reached skill level 1 in Polearms
   847 | D:1      | Reached skill level 1 in Staves
   847 | D:1      | Reached skill level 1 in Ranged Weapons
   847 | D:1      | Reached skill level 1 in Throwing
   847 | D:1      | Reached skill level 1 in Armour
   847 | D:1      | Reached skill level 1 in Stealth
   847 | D:1      | Reached skill level 1 in Shields
   847 | D:1      | Reached skill level 1 in Spellcasting
   847 | D:1      | Reached skill level 1 in Evocations
   925 | D:1      | Reached XP level 4. HP: 18/34 MP: 5/5
   998 | D:2      | Reached skill level 1 in Conjurations
   998 | D:2      | Reached skill level 1 in Hexes
   998 | D:2      | Reached skill level 1 in Summonings
   998 | D:2      | Reached skill level 1 in Necromancy
   998 | D:2      | Reached skill level 1 in Translocations
   998 | D:2      | Reached skill level 1 in Fire Magic
   998 | D:2      | Reached skill level 1 in Ice Magic
   998 | D:2      | Reached skill level 1 in Air Magic
   998 | D:2      | Reached skill level 1 in Earth Magic
   998 | D:2      | Reached skill level 1 in Alchemy
  1096 | D:2      | Noticed Robin
  1193 | D:1      | Reached XP level 5. HP: 38/40 MP: 7/7
  1241 | D:2      | Killed Robin
  1306 | D:2      | Found a shimmering altar of Xom.
  2001 | D:4      | Found a sand-covered staircase.
  2006 | Ossuary  | Entered an ossuary
  2168 | Ossuary  | Reached XP level 6. HP: 45/47 MP: 8/8
  2379 | Ossuary  | Reached skill level 5 in Dodging
  2511 | Ossuary  | Noticed Menkaure
  2520 | Ossuary  | Killed Menkaure
  2671 | D:3      | Found a sparkling altar of Nemelex Xobeh.
  2876 | D:4      | Reached XP level 7. HP: 34/52 MP: 10/10
  3106 | D:4      | Found an opulent altar of Gozag.
  3200 | D:4      | Found a staircase to the Ecumenical Temple.
  3211 | Temple   | Entered the Ecumenical Temple
  3226 | Temple   | Became a worshipper of the Wu Jian Council
  3303 | D:5      | Entered Level 5 of the Dungeon
  4163 | D:6      | Got the Discursus on Translocated Chemistry
  4316 | D:5      | Found a basalt altar of Yredelemnul.
  4697 | D:6      | Reached XP level 8. HP: 60/60 MP: 12/12
  5020 | D:5      | Reached * piety under Wu Jian
  5096 | D:6      | Found a broken altar of Ashenzari.
  5963 | D:7      | Identified the +5 long sword of Wenwigg {venom, rC+}
  6025 | D:8      | Noticed a wyvern
  6037 | D:8      | Killed a wyvern
  6048 | D:7      | Learned a level 2 spell: Ensorcelled Hibernation
  6849 | D:9      | Found a staircase to the Lair.
  6917 | D:8      | Found a snail-covered altar of Cheibriados.
  7246 | D:8      | Reached XP level 9. HP: 48/66 MP: 14/14
  7391 | D:8      | Reached skill level 5 in Fighting
  7529 | D:8      | Found a stormy altar of Qazlal.
  7545 | D:8      | Learned a level 2 spell: Lesser Beckoning
  7715 | D:8      | Reached skill level 5 in Invocations
  7951 | D:8      | Noticed a boulder beetle
  7951 | D:8      | Noticed a catoblepas
  7951 | D:8      | Noticed a cyan ugly thing
  8059 | D:8      | Killed a boulder beetle
  8064 | D:8      | Learned a level 3 spell: Mephitic Cloud
  8068 | D:8      | Learned a level 3 spell: Summon Ice Beast
  8072 | D:8      | Learned a level 3 spell: Dazzling Flash
  8169 | D:8      | Reached skill level 5 in Short Blades
  8169 | D:8      | Reached skill level 5 in Long Blades
  8169 | D:8      | Reached skill level 5 in Axes
  8169 | D:8      | Reached skill level 5 in Maces & Flails
  8169 | D:8      | Reached skill level 5 in Polearms
  8169 | D:8      | Reached skill level 5 in Staves
  8169 | D:8      | Reached skill level 5 in Ranged Weapons
  8169 | D:8      | Reached skill level 5 in Throwing
  8169 | D:8      | Reached skill level 5 in Armour
  8169 | D:8      | Reached skill level 5 in Stealth
  8169 | D:8      | Reached skill level 5 in Shields
  8169 | D:8      | Reached skill level 5 in Spellcasting
  8169 | D:8      | Reached skill level 5 in Evocations
  8169 | D:8      | Reached XP level 10. HP: 59/76 MP: 17/17
  8250 | D:8      | Killed a purple ugly thing
  8524 | D:8      | Noticed a tengu warrior
  8540 | D:8      | Killed a tengu warrior
  8678 | D:8      | Found a bloodstained altar of Trog.
  8975 | D:8      | Found an ancient bone altar of Kikubaaqudgha.
  9242 | D:9      | Reached ** piety under Wu Jian
  9650 | D:10     | Entered Level 10 of the Dungeon
  9678 | D:9      | Learned a level 3 spell: Volatile Blastmotes
 10005 | D:9      | Found a staircase to the Orcish Mines.
 10262 | D:9      | Reached skill level 5 in Conjurations
 10262 | D:9      | Reached skill level 5 in Hexes
 10262 | D:9      | Reached skill level 5 in Summonings
 10262 | D:9      | Reached skill level 5 in Necromancy
 10262 | D:9      | Reached skill level 5 in Translocations
 10262 | D:9      | Reached skill level 5 in Fire Magic
 10262 | D:9      | Reached skill level 5 in Ice Magic
 10262 | D:9      | Reached skill level 5 in Air Magic
 10262 | D:9      | Reached skill level 5 in Earth Magic
 10262 | D:9      | Reached skill level 5 in Alchemy
 10262 | D:9      | Reached XP level 11. HP: 78/83 MP: 20/20
 10546 | D:9      | Paralysed by a hornet for 1 turns
 10656 | D:10     | Found a hide-covered altar of Uskayaw.
 10904 | D:9      | Found a glowing golden altar of the Shining One.
 10934 | D:9      | Found a shimmering blue altar of Sif Muna.
 11237 | D:9      | Noticed a lindwurm
 11258 | D:9      | Noticed a lindwurm
 11295 | D:9      | Noticed a lindwurm
 11295 | D:9      | Noticed a lindwurm
 11789 | D:11     | Noticed Fannar
 12238 | D:10     | Noticed a boulder beetle
 12255 | D:10     | Found a shimmering altar of Xom.
 12259 | D:10     | Killed a boulder beetle
 12605 | Orc:1    | Entered Level 1 of the Orcish Mines
 12650 | Orc:1    | Noticed a two-headed ogre
 12786 | D:9      | Killed a two-headed ogre
 12940 | Orc:2    | Entered Level 2 of the Orcish Mines
 12940 | Orc:2    | Noticed Maurice
 12948 | Orc:1    | Something stole a +4 orcbow of flaming
 12952 | Orc:2    | Maurice stole a flux talisman
 12953 | Orc:2    | Maurice stole 415 gold
 12955 | Orc:1    | Maurice stole a curare-tipped dart
 12964 | Orc:1    | Maurice stole a ring of poison resistance
 12968 | Orc:1    | Killed Maurice
 13232 | Orc:1    | Reached *** piety under Wu Jian
 13245 | Orc:1    | You fall into a shaft and drop 1 floor!
 13245 | Orc:2    | Noticed a cyclops
 13245 | Orc:2    | Noticed a two-headed ogre
 13245 | Orc:2    | Noticed a deep troll
 13245 | Orc:2    | Noticed a two-headed ogre
 13245 | Orc:2    | Noticed a two-headed ogre
 13245 | Orc:2    | Noticed a two-headed ogre
 13245 | Orc:2    | Noticed a two-headed ogre
 13245 | Orc:2    | Noticed an ogre mage
 13245 | Orc:2    | Noticed a two-headed ogre
 13245 | Orc:2    | Noticed a two-headed ogre
 13245 | Orc:2    | Noticed an ogre mage
 13245 | Orc:2    | Noticed a deep troll
 13245 | Orc:2    | Found Buof's General Store.
 13245 | Orc:2    | Found Rogask's Magic Scroll Emporium.
 13246 | Orc:2    | Noticed a two-headed ogre
 13248 | Orc:2    | Noticed an orc knight
 13496 | Lair:1   | Entered Level 1 of the Lair of Beasts
 14018 | Orc:1    | Found Duune's Magic Scroll Shop.
 14034 | Orc:1    | Bought a scroll of teleportation for 45 gold pieces
 14034 | Orc:1    | Bought a scroll of teleportation for 45 gold pieces
 14034 | Orc:1    | Bought a scroll of identify for 30 gold pieces
 14034 | Orc:1    | Bought a scroll of identify for 30 gold pieces
 14034 | Orc:1    | Bought a scroll of fear for 60 gold pieces
 14034 | Orc:1    | Bought a scroll of identify for 30 gold pieces
 14034 | Orc:1    | Bought 2 scrolls of identify for 60 gold pieces
 14144 | Orc:1    | Noticed an orc sorcerer
 14148 | Orc:1    | Killed an orc sorcerer
 14564 | Orc:1    | Killed an orc knight
 15209 | Lair:2   | Noticed a death yak
 15585 | Lair:1   | Slain by a komodo dragon

Illustrated notes

Levels and vault maps discovered:
D:1:      saegor_arrival_simple_d, layout_loops_ring
D:2:      layout_basic, basic_altar, uniq_robin
D:3:      layout_basic, marbit_many_paths, mainiacjoe_overflow_cross_hatched
D:4:      layout_gridville, grunt_gozag_statues,
          minmay_temple_entry_sparse_star, nicolae_ossuary_entry_plus,
          minmay_misc_feat_square, kennysheep_generic_room_7
D:5:      layout_loops_ring, overflow_temple_1_default
D:6:      layout_loops_corners, ashenzari_altar_1
D:7:      layout_basic
D:8:      layout_loops_ring, nicolae_overflow_crystal_walls, lemuel_round_altar,
          mainiacjoe_overflow_alcove_4, mainiacjoe_overflow_brackets,
          minmay_pinched_square
D:9:      layout_stronghold, amethyst_overflow_temple_binary, lair_entry_dummy,
          hiddenorc1_lemuel, minmay_lindwurm_lava
D:10:     layout_irregular_city, lemuel_round_altar,
          mainiacjoe_overflow_small_starburst, mainiacjoe_overflow_paths,
          grunt_dithmenos_shadows
D:11:     layout_basic, serial_co_window_serial, co_window_paths_a,
          co_window_of_opportunity_a, co_window_paths_b, co_window_paths_b,
          co_window_paths_a, co_window_corner_a, co_window_corner_a,
          co_window_of_opportunity_b, co_window_corner_ca,
          co_window_unsneaky_path_c, co_window_cross_3, co_window_sun,
          co_window_4corner_b, glass_columns_b, uniq_fannar
Temple:   nicolae_temple_great_sept
Lair:1:   layout_regular_city, beast_lair_carwin_4, infiniplex_staircase_pool
Lair:2:   layout_cave_pods, minmay_snake_entry_spellcaster,
          nicolae_lair_grazing_beasts [nicolae_sub_lair_graze_edge,
          nicolae_sub_lair_graze_edge, nicolae_sub_lair_graze_edge,
          nicolae_sub_lair_graze_edge], uniq_nergalle
Orc:1:    layout_caves, serial_shops, nicolae_shop_hallway_plus
Orc:2:    st_orc_open, layout_caves, gammafunk_ghost_fury_of_okawaru,
          uniq_maurice

Skill      XL: |  1  2  3  4  5  6  7  8  9 10 11 |
---------------+----------------------------------+-----
Invocations    | 1 2 3 4 5 6 7 |  7.7
Short Blades   | 1 2 3 5 6 7 |  7.0
Long Blades    | 1 2 3 5 6 7 |  7.0
Axes           | 1 2 3 5 6 7 |  7.0
Maces & Flails | 1 2 3 5 6 7 |  7.0
Polearms       | 1 2 3 5 6 7 |  7.0
Staves         | 1 2 3 5 6 7 |  7.0
Ranged Weapons | 1 2 3 5 6 7 |  7.0
Throwing       | 1 2 3 5 6 7 |  7.0
Armour         | 1 2 3 5 6 7 |  7.0
Stealth        | 1 2 3 5 6 7 |  7.0
Shields        | 1 2 3 5 6 7 |  7.0
Spellcasting   | 1 2 3 5 6 7 |  7.0
Evocations     | 1 2 3 5 6 7 |  7.0
Conjurations   | 1 2 3 4 5 |  5.8
Hexes          | 1 2 3 4 5 |  5.8
Summonings     | 1 2 3 4 5 |  5.8
Necromancy     | 1 2 3 4 5 |  5.8
Translocations | 1 2 3 4 5 |  5.8
Fire Magic     | 1 2 3 4 5 |  5.8
Ice Magic      | 1 2 3 4 5 |  5.8
Air Magic      | 1 2 3 4 5 |  5.8
Earth Magic    | 1 2 3 4 5 |  5.8
Alchemy        | 1 2 3 4 5 |  5.8
Fighting       | 3 4 5 6 7 |  7.5
Dodging        | 5 6 7 8 |  8.5
Unarmed Combat | 7 8 9 |  9.7
Shapeshifting  | 7 8 9 |  9.2

Action                     |  1- 3 |  4- 6 |  7- 9 | 10-12 || total
---------------------------+-------+-------+-------+-------++-------
  Melee: Unarmed           |    65 |   303 |   338 |   346 ||  1052
         Bite              |     3 |    29 |    44 |    62 ||   138
         Punch             |     1 |     3 |       |       ||     4
         Quarterstaff      |       |       |       |    79 ||    79
  Throw: Dart              |       |       |       |     4 ||     4
   Cast: Ensorcelled Hiber |       |       |    10 |     1 ||    11
         Lesser Beckoning  |       |       |     1 |     1 ||     2
         Summon Ice Beast  |       |       |       |    15 ||    15
         Dazzling Flash    |       |       |       |     7 ||     7
         Mephitic Cloud    |       |       |       |     5 ||     5
         Volatile Blastmot |       |       |       |     2 ||     2
Ability: Lunge             |       |       |    26 |    27 ||    53
         Whirlwind         |       |       |     8 |    53 ||    61
         Wall Jump         |       |       |       |    30 ||    30
  Evoke: Wand              |       |       |       |     4 ||     4
    Use: Scroll            |     1 |     5 |     7 |    11 ||    24
         Potion            |       |     1 |     3 |     6 ||    10
   Stab: Sleeping          |       |       |     5 |     1 ||     6
         Invisible         |       |       |       |     4 ||     4
         Distracted        |       |       |       |     3 ||     3
 Armour: Animal skin       |    10 |       |       |       ||    10
         Ring mail         |    15 |    64 |       |       ||    79
         Skin              |       |    25 |   121 |   177 ||   323
         Plate armour      |       |       |       |    67 ||    67
  Dodge: Dodged            |    41 |   217 |   270 |   282 ||   810
   Form: Flux              |       |     1 |       |       ||     1
         Beast             |       |       |       |     1 ||     1

Table legend: (Time is in decaauts)
 A = Elapsed time spent in this place.
 B = Non-inter-level travel time spent in this place.
 C = Inter-level travel time spent in this place.
 D = Time resting spent in this place.
 E = Time spent auto-exploring this place.
 F = Levels seen in this place.
 G = Mean time per level.
                   A        B        C        D        E       F      G
               +--------+--------+--------+--------+--------+-----+--------+
         Total |  15553 |  15210 |    343 |   3934 |   5381 |  17 |  914.9 |
       Dungeon |  12997 |  12660 |    337 |   3064 |   5080 |  11 | 1181.5 |
        Temple |     26 |     26 |      0 |      0 |      0 |   1 |   26.0 |
          Lair |    460 |    460 |      0 |    147 |     43 |   2 |  230.0 |
  Orcish Mines |   1495 |   1490 |      5 |    723 |    258 |   2 |  747.5 |
       Ossuary |    573 |    573 |      0 |      0 |      0 |   1 |  573.0 |
               +--------+--------+--------+--------+--------+-----+--------+

Top non-repeatable levels by time:
     D:9: 3339 daAuts
     D:8: 1994 daAuts
   Orc:1: 1440 daAuts
     D:7: 1431 daAuts
     D:6: 1146 daAuts
     D:1: 1020 daAuts
     D:4: 977 daAuts
    D:10: 956 daAuts
     D:5: 905 daAuts
     D:2: 730 daAuts
 Ossuary: 573 daAuts
  Lair:1: 439 daAuts
     D:3: 394 daAuts
    D:11: 100 daAuts
   Orc:2: 55 daAuts
